cohdb
Replays
Latest Replays
All Replays
Popular Replays
Top Player Replays
Match Explorer
How It Works
Community
CoH3 Stats
Reddit
Sign in to upload your games and track your stats! →
Sign in with Steam
Match 46792340
Unlisted
Match 46792340
Overview
Messages
Build Orders
End
Kradschützen Motorcycle Team
Panzergrenadier Squad
Panzergrenadier Squad
Construct Light Support Kompanie
Fire Support Elements
Panzergrenadier Squad
Flakvierling Half-track
2.5-tonne Medical Truck
Panzergrenadier Squad
Vehicle Survival Package
Panzerjäger Mechanized Group
Construct Mechanized Kompanie
StuG III D Assault Gun
Veteran Squad Leaders
MG34 Team
Panzerpioneer Squad
Construct Panzerarmee Kommand
Pak 38 Mechanized Group
Construct Panzerarmee Kommand
Panzer III L Medium Tank
Armored Reserves
Emergency Repair Kits
Selects Battlefield Espionage Battlegroup
Selects Sector Subterfuge Beacon
Selects Plunder
Selects Disruption Operation
Panzerpioneer Squad
Tiger Heavy Tank
Rapid Advance
Enoche
Polka_Pete
0
0
Comments
sign in to comment!
No comments posted yet!